 Dungeon Crawl Stone Soup version 0.26.1-11-gd32895ea62 (console) character file.

Game seed: 16466934767994641297

15729 erker the Cleaver (level 12, -2/105 HPs)
             Began as a Deep Dwarf Fighter on June 23, 2021.
             Was a High Priest of Makhleb.
             Slain by a red ugly thing (19 damage)
             ... on level 12 of the Dungeon.
             The game lasted 00:58:20 (8359 turns).

erker the Cleaver (Deep Dwarf Fighter)              Turns: 8359, Time: 00:58:20

Health: -2/105     AC: 21    Str: 32    XL:     12   Next: 3%
Magic:  12/12      EV: 14    Int:  8    God:    Makhleb [*****.]
Gold:   582        SH: 12    Dex: 12    Spells: 11/11 levels left

rFire    x . .     SeeInvis .   m - +1 hand axe (flame)
rCold    + . .     Faith    .   c - +0 kite shield
rNeg     . . .     Spirit   .   k - +2 acid dragon scales
rPois    .         Reflect  .   b - +1 helmet
rElec    .         Harm     .   C - +2 cloak {Will+}
rCorr    +         Rampage  .   t - +2 pair of gloves
Will     ++...                  f - +0 pair of boots
Stlth    +.........             (no amulet)
HPRegen  0.00/turn              x - ring of ice
MPRegen  0.13/turn              e - +6 ring of strength

@: mighty, non-regenerating
A: damage resistance, heal wounds, sense surroundings 2, no regeneration
a: Heal Wounds, Renounce Religion, Minor Destruction, Lesser Servant of Makhleb,
Major Destruction, Greater Servant of Makhleb


You were on level 12 of the Dungeon.
You worshipped Makhleb.
Makhleb was extremely pleased with you.
You visited 2 branches of the dungeon, and saw 11 of its levels.
You also visited: Ice Cave.

You collected 678 gold pieces.
You spent 96 gold pieces at shops.

Inventory:

Hand Weapons
 a - a +0 broad axe
 m - a +1 hand axe of flaming (weapon)
Missiles
 g - 7 poisoned darts (quivered)
 w - 12 curare-tipped darts
Armour
 b - a +1 helmet (worn)
 c - a +0 kite shield (worn)
 f - a +0 pair of boots (worn)
 k - +2 acid dragon scales (worn)
 p - a +0 buckler of cold resistance
 t - a +2 pair of gloves (worn)
 C - a +2 cloak of willpower (worn)
Jewellery
 e - a +6 ring of strength (right hand)
 i - a ring of the Octopus King {rCorr AC+1 EV+1 Str+1 Int+1 Dex+1}
   (You found it on level 6 of the Dungeon)

   [ring of resist corrosion]

   It affects your AC (+1).
   It affects your evasion (+1).
   It affects your strength (+1).
   It affects your intelligence (+1).
   It affects your dexterity (+1).
   It provides partial protection from all sources of acid and corrosion.
 x - a ring of ice (left hand)
 I - an uncursed ring of willpower
Wands
 A - a wand of digging (6)
 E - a wand of acid (13)
 F - a wand of iceblast (41)
 J - a wand of polymorph (5)
Scrolls
 h - a scroll of enchant armour
 j - a scroll of enchant weapon
 l - 4 scrolls of teleportation
 n - 2 scrolls of fog
 o - 4 scrolls of amnesia
 s - 2 scrolls of immolation
 v - a scroll of magic mapping
 B - 5 scrolls of identify
 G - a scroll of vulnerability {unknown}
Potions
 q - 4 potions of flight
 r - 2 potions of curing
 u - 2 potions of cancellation
 z - a potion of resistance
 D - 2 potions of lignification {unknown}
 H - a potion of mutation
Miscellaneous
 y - a box of beasts (inert)


   Skills:
 - Level 6.0 Fighting
 + Level 12.3 Axes
 - Level 3.0 Throwing
 - Level 10.0 Armour
 - Level 8.0 Dodging
 - Level 8.0 Shields
 - Level 4.0 Invocations
 - Level 8.0 Evocations


You had 11 spell levels left.
You didn't know any spells.
Your spell library contained the following spells:

 Spells                   Type           Power        Failure   Level
 Magic Dart               Conj           0%           77%         1
 Summon Small Mammal      Summ           0%           77%         1
 Blink                    Tloc           N/A          88%         2
 Call Imp                 Summ           0%           88%         2
 Slow                     Hex            0%           88%         2
 Call Canine Familiar     Summ           0%           98%         3
 Conjure Flame            Conj/Fire      0%           98%         3
 Mephitic Cloud           Conj/Pois/Air  0%           98%         3
 Summon Guardian Golem    Hex/Summ       0%           98%         3
 Ice Form                 Ice/Tmut       0%           100%        4
 Summon Ice Beast         Ice/Summ       0%           100%        4
 Summon Lightning Spire   Summ/Air       0%           100%        4
 Metabolic Englaciation   Hex/Ice        0%           100%        5
 Freezing Cloud           Conj/Ice/Air   0%           100%        6
 Ozocubu's Refrigeration  Ice            0%           100%        6
 Simulacrum               Ice/Necr       0%           100%        6


Dungeon Overview and Level Annotations

Branches:
Dungeon (12/15)            Temple (1/1) D:5            Lair (0/6) D:8
  IceCv (visited)
    Orc: D:9-12

Altars:
Ashenzari
Cheibriados
Dithmenos
Elyvilon
Fedhas
Gozag
Hepliaklqana
Kikubaaqudgha
Makhleb
Nemelex Xobeh
Okawaru
Qazlal
Ru
Sif Muna
Trog
Uskayaw
Vehumet
Wu Jian
Xom
Yredelemnul
Zin
The Shining One

Shops:
D:8 *(

Annotations:
D:4 3 runed translucent doors, Zleub's ghost, amateur MfGl
D:5 3 runed translucent doors, PanSaczeczos's ghost, novice HuCj


Innate Abilities, Weirdness & Mutations

You are resistant to damage.
You can heal yourself by infusing magical energy.
You passively map the area around you.
You do not regenerate.


Message History

The red ugly thing is severely wounded.
The centaur shoots an arrow.
The arrow misses you.
The centaur unwields a +4 shortbow.
The centaur misses you.
The orc wizard mumbles some strange words.
The orc wizard blinks!
You block the red ugly thing's attack.
You see here an ugly thing corpse.
You slash the red ugly thing!
The red ugly thing is almost dead.
Your shield prevents you from hitting the centaur.
You block the centaur's attack.
The red ugly thing stings you but does no damage.
You slash the red ugly thing!
The red ugly thing is almost dead.
You hit the centaur. You burn the centaur. You slash the orc! You burn the orc.
You kill the orc!
Makhleb accepts your kill.
You feel better. You block the centaur's attack. The red ugly thing stings you!
* * * LOW HITPOINT WARNING * * *
You are engulfed in flames!!
The fire burns you terribly!
You die...

* ,, *##..# ####...#
*)......**#...###......##
......( ##.............##
*
.......##.....####.##..#.
*,
,................#####..#.
#.........#..>..## #.... ,
#.........#......#.....##
,
*#......)))..........#..##
*#....c@()...(###.###...
** #....#u##...###...##...
, #...(..cDW##..# #.
.####. ,
,,,.......coY##..# . * #..
........... ..# , , #.. *
............... , ##. ,
................** ,, #. ,
...........##.... * , ##
,, ..........$*.. * #.


You could see a four-headed hydra, a red ugly thing, a wraith, a sky beast, 3
centaurs and an orc.

Vanquished Creatures
  2 two-headed ogres (D:8)
  A necromancer (IceCv)
  An ugly thing (D:12)
  2 cyclopes (D:12)
  An ice statue (IceCv)
  Joseph (D:7)
  A gargoyle (D:11)
  Maggie (D:6)
  10 freezing wraiths (IceCv)
  3 trolls
  A wolf spider simulacrum (IceCv)
  Prince Ribbit (D:6)
  2 hornets
  A wraith (D:8)
  5 yaks (D:12)
  A steam dragon (D:11)
  A death yak simulacrum (IceCv)
  A water moccasin (D:7)
  A sky beast (D:11)
  9 orc warriors
  8 ice beasts
  2 ogres
  2 black bears
  11 centaurs
  A big kobold (D:12)
  7 bullfrogs
  4 scorpions
  An elephant simulacrum (IceCv)
  5 killer bees (D:11)
  9 howler monkeys
  A draconian simulacrum (IceCv)
  3 jellies
  2 bullfrog zombies
  3 centaur zombies
  4 hounds
  7 orc priests
  A gnoll shaman (D:6)
  9 orc wizards
  3 centaur skeletons
  Crazy Yiuf (D:6)
  Terence (D:3)
  2 iguanas (D:8)
  4 worker ants
  A polar bear simulacrum (IceCv)
  5 troll simulacra (IceCv)
  3 spriggan simulacra (IceCv)
  A killer bee zombie (D:5)
  3 centaur simulacra (IceCv)
  A hound skeleton (D:4)
  12 gnolls
  5 naga simulacra (IceCv)
  A howler monkey skeleton (D:8)
  14 adders
  3 ogre simulacra (IceCv)
  A shadow imp (D:5)
  12 white imps (IceCv)
  An ufetubus (D:7)
  An ooze (D:1)
  5 worms
  2 dart slugs
  5 leopard geckos
  42 orcs
  7 bats
  4 giant cockroaches
  6 goblins
  8 hobgoblins
  2 jackals (D:8)
  6 quokkas
  5 frilled lizards
  13 kobolds
  A leopard gecko skeleton (D:6)
  A leopard gecko zombie (D:5)
  A quokka skeleton (D:5)
  8 rats
317 creatures vanquished.

Vanquished Creatures (collateral kills)
  An ugly thing (D:11)
  2 ice beasts (D:11)
  A hound skeleton (D:11)
  A quokka (D:11)
5 creatures vanquished.

Vanquished Creatures (others)
  2 plants (D:8)
2 creatures vanquished.

Grand Total: 324 creatures vanquished

Notes
Turn   | Place    | Note
-------+----------+-------------------------------------------
     0 | D:1      | erker the Deep Dwarf Fighter began the quest for the Orb.
     0 | D:1      | Reached XP level 1. HP: 20/20 MP: 1/1
   106 | D:1      | Reached skill level 3 in Axes
   106 | D:1      | Reached XP level 2. HP: 18/27 MP: 2/2
   736 | D:2      | Reached skill level 4 in Axes
   736 | D:2      | Reached XP level 3. HP: 20/33 MP: 3/3
   763 | D:2      | Reached skill level 1 in Dodging
   856 | D:2      | Reached XP level 4. HP: 6/40 MP: 4/4
  1586 | D:3      | Noticed a centaur
  1587 | D:3      | Noticed Terence
  1606 | D:3      | Killed a centaur
  1607 | D:3      | Reached skill level 5 in Axes
  1607 | D:3      | Reached XP level 5. HP: 18/46 MP: 5/5
  1677 | D:3      | Found a bloodstained altar of Trog.
  1743 | D:3      | Killed Terence
  2163 | D:4      | Found a burning altar of Makhleb.
  2279 | D:4      | Reached skill level 6 in Axes
  2329 | D:4      | Reached XP level 6. HP: 39/55 MP: 6/6
  2921 | D:4      | Found a runed translucent gate.
  2921 | D:4      | Found a runed translucent gate.
  2923 | D:4      | Found a runed translucent gate.
  2925 | D:4      | Noticed Zleub's ghost (amateur MfGl)
  2950 | D:5      | Entered Level 5 of the Dungeon
  3145 | D:5      | Reached XP level 7. HP: 39/62 MP: 7/7
  3188 | D:5      | Reached skill level 7 in Axes
  3378 | D:5      | Found a staircase to the Ecumenical Temple.
  3384 | Temple   | Entered the Ecumenical Temple
  3593 | D:4      | Became a worshipper of Makhleb the Destroyer
  4139 | D:5      | Found a runed translucent gate.
  4141 | D:5      | Found a runed translucent gate.
  4145 | D:5      | Found a runed translucent gate.
  4146 | D:5      | Found an opulent altar of Gozag.
  4146 | D:5      | Noticed PanSaczeczos's ghost (novice HuCj)
  4487 | D:6      | Reached skill level 8 in Axes
  4505 | D:6      | Reached skill level 5 in Armour
  4506 | D:6      | Found the ring of the Octopus King
  4518 | D:6      | Got a ring of the Octopus King
  4519 | D:6      | Identified a ring of the Octopus King {rCorr AC+1 EV+1
                  | Str+1 Int+1 Dex+1} (You found it on level 6 of the Dungeon)
  4533 | D:6      | Noticed Maggie
  4640 | D:6      | Killed Maggie
  4641 | D:6      | Reached skill level 5 in Shields
  4641 | D:6      | Reached XP level 8. HP: 32/69 MP: 8/8
  5016 | D:6      | Noticed Prince Ribbit
  5028 | D:6      | Killed Prince Ribbit
  5056 | D:6      | Reached * piety under Makhleb
  5136 | D:6      | Found a runed translucent door.
  5137 | D:6      | Noticed Crazy Yiuf
  5367 | D:6      | Found an iron altar of Okawaru.
  5367 | D:6      | Found a sparkling altar of Nemelex Xobeh.
  5497 | D:6      | Killed Crazy Yiuf
  5624 | D:7      | Gained mutation: You passively map the area around you.
                  | [Deep Dwarf growth]
  5624 | D:7      | Reached XP level 9. HP: 29/75 MP: 9/9
  5713 | D:7      | Noticed Joseph
  5735 | D:7      | Killed Joseph
  5736 | D:7      | Reached skill level 9 in Axes
  5739 | D:7      | Reached ** piety under Makhleb
  6022 | D:8      | Reached skill level 1 in Evocations
  6056 | D:8      | Reached skill level 10 in Axes
  6093 | D:8      | Reached skill level 5 in Fighting
  6185 | D:8      | Noticed a two-headed ogre
  6199 | D:8      | Killed a two-headed ogre
  6200 | D:8      | Reached XP level 10. HP: 55/91 MP: 10/10
  6324 | D:8      | Found a radiant altar of Vehumet.
  6324 | D:8      | Found a sacrificial altar of Ru.
  6324 | D:8      | Found a blossoming altar of Fedhas.
  6374 | D:8      | Reached *** piety under Makhleb
  6390 | D:8      | Found Tebigh's Weapon Shoppe.
  6394 | D:8      | Found a staircase to the Lair.
  6415 | D:8      | Noticed a two-headed ogre
  6424 | D:8      | Killed a two-headed ogre
  6540 | D:8      | Found Nugent's General Store.
  6543 | D:8      | Bought a potion of mutation for 96 gold pieces
  6626 | D:8      | You fall into a shaft and drop 3 floors!
  6640 | D:11     | Found a frozen archway.
  6652 | IceCv    | Entered an ice cave
  6714 | IceCv    | Reached skill level 11 in Axes
  6931 | IceCv    | Noticed a necromancer
  6937 | IceCv    | Killed a necromancer
  6980 | IceCv    | Noticed an ice statue
  7038 | IceCv    | Killed an ice statue
  7039 | IceCv    | Reached skill level 12 in Axes
  7039 | IceCv    | Reached XP level 11. HP: 30/97 MP: 12/12
  7167 | IceCv    | Reached **** piety under Makhleb
  7327 | IceCv    | Found an ancient bone altar of Kikubaaqudgha.
  7381 | IceCv    | Reached skill level 10 in Armour
  7539 | D:11     | Noticed a white ugly thing
  7546 | D:11     | Killed a white ugly thing
  7547 | D:11     | Reached skill level 5 in Evocations
  8084 | D:12     | Reached skill level 5 in Dodging
  8095 | D:12     | Reached ***** piety under Makhleb
  8251 | D:12     | Noticed a brown ugly thing
  8326 | D:12     | Noticed a white ugly thing
  8348 | D:12     | Killed a white ugly thing
  8349 | D:12     | Reached XP level 12. HP: 47/105 MP: 12/12
  8351 | D:12     | Noticed a four-headed hydra
  8359 | D:12     | Slain by a red ugly thing

Illustrated notes

Levels and vault maps discovered:
D:1:      ncdulo_halloftheorcs, layout_basic
D:2:      minmay_door_path, layout_loops_ring
D:3:      layout_rooms, lemuel_doored_altar, amcnicky_mini_pool_small,
          uniq_terence
D:4:      layout_loops_corners, nicolae_overflow_crystal_walls,
          ebering_ghost_rock_garden
D:5:      layout_loops_cross, minmay_temple_entry_nine_rooms,
          ebering_ghost_gozag
D:6:      layout_cave_pods, nicolae_overflow_hidden_temple, uniq_maggie,
          uniq_crazy_yiuf_cottage, uniq_prince_ribbit1
D:7:      layout_rooms, uniq_joseph
D:8:      layout_rooms, gammafunk_temple_overflow_forgotten, lair_entry_dummy,
          serial_shops, kennysheep_mini_moat, shop_fountains, grunt_potential
D:11:     layout_cave_pools, portal_ice_cave_entry_pillars_1
D:12:     layout_cave_pools, special_room [special_room_orc]
Temple:   regret_index_temple_waves

Skill      XL: |  1  2  3  4  5  6  7  8  9 10 11 |
---------------+----------------------------------+-----
Axes           | 3 4 5 6 8 10 12 | 12.3
Dodging        | 2 3 4 8 |  8.0
Armour         | 4 6 7 8 10 | 10.0
Shields        | 4 5 6 8 |  8.0
Fighting       | 3 6 |  6.0
Throwing       | 3 |  3.0
Evocations     | 3 4 8 |  8.0
Invocations    | 4 |  4.0

Action                   |  1- 3 |  4- 6 |  7- 9 | 10-12 || total
-------------------------+-------+-------+-------+-------++-------
Melee: War axe           |   112 |   169 |       |       ||   281
       Hand axe          |       |    65 |   316 |   603 ||   984
Throw: Dart              |       |    20 |    69 |     3 ||    92
Invok: Lesser Servant of |       |       |       |     1 ||     1
 Abil: Heal Wounds       |       |     4 |     3 |    12 ||    19
Evoke: Wand              |       |       |     2 |     6 ||     8
       Box of beasts     |       |       |       |     1 ||     1
  Use: Potion            |       |     2 |     2 |     5 ||     9
       Scroll            |       |       |     7 |    11 ||    18
 Stab: Distracted        |       |       |       |     1 ||     1
Armor: Scale mail        |    42 |    74 |    14 |       ||   130
       Acid dragon scale |       |       |    54 |   188 ||   242
       Plate armour      |       |       |       |    77 ||    77
Dodge: Dodged            |    33 |    67 |   116 |   264 ||   480
Block: Kite shield       |    42 |   133 |   136 |   277 ||   588
       Buckler           |       |       |       |    54 ||    54
